General information
- name: BNet
- type: Ladder team game (AT/RT)
- host: Battle.net
- saver: Todd.Howard
map: Cherryville
- players: 8
- length: 28:33
- speed: Fast
- version: 1.26 W3XP
- replay type: Public
» download(175 KB)
Players
team 1 (loser)
OrcWizdumb (
red | 51 APM | 1457 actions | 28:31)
5 Demon Hunter
2 Immolation
1 Mana Burn
2 Evasion
2 Priestess of the Moon
1 Scout
1 Trueshot Aura
1 Warden
1 Shadow Strike
» actions
| Assign group hotkey | 12 | |
| Build / train | 130 | |
| Enter build submenu | 29 | |
| Enter hero's abilities submenu | 8 | |
| Give item / drop item | 2 | |
| Remove unit from queue | 1 | |
| Right click | 759 | |
| Select / deselect | 379 | |
| Select group hotkey | 32 | |
| Use ability | 104 | |
1457 total
» units
| Wisp | 35 | |
| Archer | 8 | |
| Huntress | 4 | |
| Hippogryph | 24 | |
| Chimaera | 9 | |
| Dryad | 6 | |
| Frost Wyrm | 2 | |
| Mountain Giant | 3 | |
91 total
» upgrades
| Strength of the Wild | 4 | |
| Reinforced Hides | 5 | |
| Hippogryph Taming | 1 | |
| Corrosive Breath | 1 | |
| Abolish Magic | 1 | |
| Hardened Skin | 1 | |
| Resistant Skin | 1 | |
14 total
» buildings
| Altar of Elders | 1 | |
| Moon Well | 8 | |
| Ancient of War | 1 | |
| Ancient of Wonders | 3 | |
| Tree of Life | 2 | |
| Hunter's Hall | 1 | |
| Ancient Protector | 8 | |
| Tree of Ages | 1 | |
| Ancient of Wind | 1 | |
| Tree of Eternity | 1 | |
| Ancient of Lore | 1 | |
| Chimaera Roost | 2 | |
30 total
» build order
00:11 Altar of Elders
00:14 Moon Well
00:53 Ancient of War
01:24 Ancient of Wonders
01:43 Moon Well
02:19 Moon Well
04:05 Tree of Life
04:22 Hunter's Hall
04:38 Ancient of Wonders
05:13 Moon Well
05:51 Ancient Protector
07:33 Tree of Ages
07:45 Ancient Protector
07:48 Ancient Protector
09:25 Ancient Protector
09:28 Ancient Protector
09:32 Moon Well
09:34 Moon Well
09:52 Moon Well
09:53 Moon Well
10:12 Ancient of Wind
10:18 Tree of Eternity
11:48 Ancient of Lore
12:01 Ancient Protector
12:50 Chimaera Roost
13:02 Chimaera Roost
17:27 Ancient Protector
17:30 Ancient Protector
20:15 Ancient of Wonders
20:48 Tree of Life
» items
| Moonstone | 2 | |
| Staff of Preservation | 1 | |
| Potion of Healing | 1 | |
| Lesser Clarity Potion | 1 | |
| Orb of Venom | 2 | |
| Scroll of Town Portal | 2 | |
| Scroll of Healing | 1 | |
10 total

»
YoItsMeTheNoob (
pink | 95 APM | 1975 actions | 20:47)
5 Demon Hunter
3 Mana Burn
2 Evasion
3 Priestess of the Moon
2 Trueshot Aura
1 Searing Arrows
1 Keeper of the Grove
1 Entangling Roots
» actions
| Assign group hotkey | 346 | |
| Build / train | 96 | |
| ESC pressed | 4 | |
| Enter build submenu | 15 | |
| Enter hero's abilities submenu | 9 | |
| Give item / drop item | 3 | |
| Remove unit from queue | 2 | |
| Right click | 788 | |
| Select / deselect | 410 | |
| Select group hotkey | 232 | |
| Use ability | 70 | |
1975 total
» units
| Wisp | 19 | |
| Archer | 20 | |
| Hippogryph | 11 | |
50 total
» upgrades
| Strength of the Moon | 3 | |
| Improved Bows | 1 | |
| Hippogryph Taming | 1 | |
| Moon Armor | 3 | |
| Marksmanship | 1 | |
| Ultravision | 1 | |
| Well Spring | 1 | |
| Nature's Blessing | 1 | |
| Backpack | 1 | |
| Strength of the Wild | 1 | |
| Reinforced Hides | 1 | |
15 total
» buildings
| Altar of Elders | 1 | |
| Moon Well | 8 | |
| Ancient of War | 1 | |
| Tree of Life | 1 | |
| Tree of Ages | 1 | |
| Hunter's Hall | 1 | |
| Ancient of Wind | 2 | |
| Ancient of Wonders | 1 | |
| Tree of Eternity | 2 | |
18 total
» build order
00:07 Altar of Elders
00:19 Moon Well
00:33 Ancient of War
01:25 Moon Well
02:34 Moon Well
03:58 Tree of Life
04:36 Moon Well
05:46 Tree of Ages
05:48 Hunter's Hall
08:31 Ancient of Wind
08:32 Ancient of Wind
09:23 Ancient of Wonders
10:13 Tree of Eternity
10:14 Tree of Eternity
10:23 Moon Well
11:36 Moon Well
17:14 Moon Well
19:10 Moon Well
» items
| Scroll of Healing | 1 | |
| Potion of Lesser Invulnerability | 2 | |
| Orb of Venom | 1 | |
| Potion of Healing | 3 | |
| Staff of Preservation | 1 | |
8 total

»
The_Botanist (
green | 31 APM | 718 actions | 23:26)
4 Demon Hunter
2 Mana Burn
2 Evasion
2 Priestess of the Moon
1 Trueshot Aura
1 Searing Arrows
» actions
| Assign group hotkey | 1 | |
| Build / train | 77 | |
| Enter build submenu | 19 | |
| Enter hero's abilities submenu | 6 | |
| Give item / drop item | 3 | |
| Right click | 340 | |
| Select / deselect | 231 | |
| Select group hotkey | 5 | |
| Use ability | 36 | |
718 total
» units
| Wisp | 20 | |
| Archer | 4 | |
| Huntress | 6 | |
| Faerie Dragon | 2 | |
| Dryad | 7 | |
| Druid of the Talon | 2 | |
| Hippogryph | 4 | |
| Chimaera | 8 | |
53 total
» upgrades
| Moon Armor | 1 | |
| Strength of the Moon | 1 | |
| Reinforced Hides | 2 | |
| Strength of the Wild | 3 | |
| Ultravision | 1 | |
| Nature's Blessing | 1 | |
| Abolish Magic | 1 | |
| Druid of the Claw Training | 1 | |
| Hippogryph Taming | 1 | |
| Upgrade Moon Glaive | 1 | |
13 total
» buildings
| Altar of Elders | 1 | |
| Moon Well | 7 | |
| Ancient of War | 1 | |
| Ancient of Wonders | 1 | |
| Hunter's Hall | 1 | |
| Tree of Ages | 1 | |
| Ancient Protector | 2 | |
| Ancient of Lore | 1 | |
| Ancient of Wind | 1 | |
| Tree of Eternity | 1 | |
| Chimaera Roost | 3 | |
| Tree of Life | 1 | |
21 total
» build order
00:10 Altar of Elders
00:17 Moon Well
00:49 Ancient of War
01:35 Moon Well
01:47 Ancient of Wonders
02:22 Hunter's Hall
02:34 Moon Well
03:33 Moon Well
05:40 Tree of Ages
07:32 Moon Well
07:40 Ancient Protector
07:45 Moon Well
07:53 Moon Well
08:24 Ancient of Lore
08:32 Ancient of Wind
09:40 Tree of Eternity
12:32 Chimaera Roost
12:50 Tree of Life
14:45 Ancient Protector
15:09 Chimaera Roost
15:49 Chimaera Roost
» items
cbenner66 (
blue | 35 APM | 817 actions | 23:15)
3 Death Knight
2 Death Coil
1 Unholy Aura
» actions
| Assign group hotkey | 12 | |
| Basic commands | 8 | |
| Build / train | 67 | |
| Enter build submenu | 19 | |
| Enter hero's abilities submenu | 3 | |
| Remove unit from queue | 9 | |
| Right click | 430 | |
| Select / deselect | 222 | |
| Select group hotkey | 15 | |
| Use ability | 32 | |
817 total
» units
| Acolyte | 9 | |
| Ghoul | 14 | |
| Meatwagon | 1 | |
| Obsidian Statue | 2 | |
| Crypt Fiend | 9 | |
| Frost Wyrm | 7 | |
42 total
» upgrades
| Web | 1 | |
| Unholy Armor | 0 | |
| Unholy Strength | 0 | |
| Creature Attack | 2 | |
| Creature Carapace | 3 | |
6 total
» buildings
| Altar of Darkness | 1 | |
| Ziggurat | 7 | |
| Crypt | 1 | |
| Graveyard | 1 | |
| Tomb of Relics | 1 | |
| Halls of the Dead | 1 | |
| Black Citadel | 1 | |
| Slaughterhouse | 2 | |
| Sacrificial Pit | 1 | |
| Boneyard | 3 | |
| Spirit Tower | 2 | |
21 total
» build order
00:20 Altar of Darkness
00:23 Ziggurat
01:26 Crypt
01:37 Ziggurat
01:42 Graveyard
01:53 Tomb of Relics
03:02 Ziggurat
04:56 Halls of the Dead
07:46 Black Citadel
07:56 Slaughterhouse
08:12 Slaughterhouse
08:50 Ziggurat
08:52 Ziggurat
11:35 Sacrificial Pit
14:31 Boneyard
14:36 Boneyard
14:53 Boneyard
15:55 Ziggurat
15:59 Ziggurat
21:44 Spirit Tower
21:55 Spirit Tower
» items
| Rod of Necromancy | 1 | |
| Dust of Appearance | 1 | |
| Scroll of Town Portal | 1 | |
3 total
team 2 (winner)
TOT-MOM-FREE (
yellow | 54 APM | 1534 actions | 28:32)
8 Shadow Hunter
3 Hex
3 Healing Wave
1 Big Bad Voodoo
1 Serpent Ward
» actions
| Assign group hotkey | 36 | |
| Basic commands | 1 | |
| Build / train | 67 | |
| Enter build submenu | 19 | |
| Enter hero's abilities submenu | 9 | |
| Give item / drop item | 4 | |
| Remove unit from queue | 3 | |
| Right click | 570 | |
| Select / deselect | 216 | |
| Select group hotkey | 526 | |
| Use ability | 83 | |
1534 total
» units
| Peon | 12 | |
| Grunt | 4 | |
| Wind Rider | 11 | |
| Shaman | 3 | |
| Troll Batrider | 5 | |
35 total
» upgrades
| Ranged Weapons | 1 | |
| Reinforced Defenses | 1 | |
| Envenomed Spears | 1 | |
| Armor | 1 | |
| Liquid Fire | 1 | |
| Shaman Training | 2 | |
7 total
» buildings
| Altar of Storms | 1 | |
| Orc Burrow | 8 | |
| Barracks | 1 | |
| Voodoo Lounge | 2 | |
| Stronghold | 1 | |
| War Mill | 1 | |
| Beastiary | 2 | |
| Fortress | 1 | |
| Watch Tower | 6 | |
| Spirit Lodge | 1 | |
| Great Hall | 3 | |
27 total
» build order
00:16 Altar of Storms
00:22 Orc Burrow
00:37 Barracks
01:37 Orc Burrow
02:10 Voodoo Lounge
02:57 Stronghold
03:45 War Mill
04:04 Orc Burrow
04:06 Orc Burrow
05:26 Beastiary
05:35 Beastiary
06:04 Fortress
09:30 Watch Tower
09:31 Watch Tower
09:32 Watch Tower
10:32 Orc Burrow
10:32 Orc Burrow
11:08 Spirit Lodge
11:38 Great Hall
19:07 Orc Burrow
19:07 Orc Burrow
19:11 Great Hall
21:11 Great Hall
25:14 Watch Tower
25:14 Watch Tower
25:14 Watch Tower
27:01 Voodoo Lounge
» items
| Healing Salve | 2 | |
| Rod of Necromancy | 1 | |
| Scroll of Town Portal | 2 | |
| Potion of Lesser Invulnerability | 2 | |
| Potion of Mana | 1 | |
| Scroll of Healing | 1 | |
| Potion of Invisibility | 1 | |
10 total
Todd.Howard (
teal | 59 APM | 1692 actions | 28:33)
7 Death Knight
3 Death Coil
3 Unholy Aura
1 Animate Dead
6 Dreadlord
2 Sleep
3 Vampiric Aura
1 Inferno
» actions
| Assign group hotkey | 74 | |
| Basic commands | 32 | |
| Build / train | 87 | |
| Enter build submenu | 21 | |
| Enter hero's abilities submenu | 15 | |
| Give item / drop item | 4 | |
| Right click | 617 | |
| Select / deselect | 351 | |
| Select group hotkey | 399 | |
| Use ability | 92 | |
1692 total
» units
| Acolyte | 7 | |
| Ghoul | 2 | |
| Crypt Fiend | 8 | |
| Goblin Shredder | 3 | |
| Obsidian Statue | 11 | |
| Meatwagon | 1 | |
| Abomination | 1 | |
33 total
» upgrades
| Creature Attack | 3 | |
| Creature Carapace | 3 | |
| Web | 1 | |
| Destroyer Form | 1 | |
| Burrow | 1 | |
| Backpack | 1 | |
| Unholy Armor | 3 | |
| Unholy Strength | 3 | |
| Disease Cloud | 1 | |
| Exhume Corpses | 1 | |
18 total
» buildings
| Graveyard | 1 | |
| Crypt | 1 | |
| Altar of Darkness | 1 | |
| Ziggurat | 10 | |
| Nerubian Tower | 2 | |
| Tomb of Relics | 1 | |
| Spirit Tower | 10 | |
| Halls of the Dead | 1 | |
| Black Citadel | 1 | |
| Slaughterhouse | 2 | |
| Sacrificial Pit | 1 | |
31 total
» build order
00:09 Graveyard
00:18 Crypt
00:43 Altar of Darkness
01:06 Ziggurat
02:10 Ziggurat
02:35 Nerubian Tower
02:35 Nerubian Tower
03:12 Ziggurat
04:03 Tomb of Relics
04:41 Spirit Tower
04:41 Spirit Tower
05:59 Halls of the Dead
06:54 Ziggurat
08:16 Spirit Tower
09:55 Black Citadel
10:45 Slaughterhouse
11:08 Ziggurat
11:11 Ziggurat
11:21 Ziggurat
11:22 Ziggurat
11:25 Ziggurat
12:04 Spirit Tower
12:08 Spirit Tower
12:09 Spirit Tower
12:16 Spirit Tower
12:21 Spirit Tower
12:22 Spirit Tower
14:08 Ziggurat
15:54 Spirit Tower
19:47 Slaughterhouse
19:49 Sacrificial Pit
» items
| Rod of Necromancy | 1 | |
| Orb of Corruption | 1 | |
| Potion of Healing | 2 | |
| Scroll of Town Portal | 2 | |
6 total
KillKillKill (
purple | 45 APM | 1285 actions | 28:32)
7 Archmage
3 Summon Water Elemental
3 Brilliance Aura
1 Mass Teleport
7 Paladin
3 Holy Light
2 Devotion Aura
1 Divine Shield
1 Resurrection
» actions
| Assign group hotkey | 94 | |
| Basic commands | 38 | |
| Build / train | 90 | |
| Enter build submenu | 39 | |
| Enter hero's abilities submenu | 14 | |
| Give item / drop item | 1 | |
| Remove unit from queue | 6 | |
| Right click | 455 | |
| Select / deselect | 310 | |
| Select group hotkey | 137 | |
| Use ability | 101 | |
1285 total
» units
| Peasant | 17 | |
| Footman | 3 | |
| Knight | 6 | |
| Goblin Shredder | 1 | |
| Priest | 6 | |
| Rifleman | 9 | |
42 total
» upgrades
| Lumber Harvesting | 2 | |
| Masonry | 2 | |
| Swords | 2 | |
| Plating | 3 | |
| Priest Training | 2 | |
| Animal War Training | 1 | |
| Gunpowder | 1 | |
| Armor | 2 | |
15 total
» buildings
| Altar of Kings | 1 | |
| Barracks | 2 | |
| Farm | 20 | |
| Scout Tower | 9 | |
| Arcane Vault | 1 | |
| Town Hall | 5 | |
| Lumber Mill | 1 | |
| Keep | 3 | |
| Blacksmith | 1 | |
| Castle | 1 | |
| Guard Tower | 1 | |
| Arcane Sanctum | 1 | |
46 total
» build order
00:52 Altar of Kings
00:56 Barracks
01:09 Farm
01:32 Farm
02:03 Farm
02:19 Farm
02:22 Scout Tower
03:10 Arcane Vault
04:17 Town Hall
04:22 Town Hall
04:39 Lumber Mill
05:47 Keep
05:47 Keep
06:33 Scout Tower
06:37 Scout Tower
06:40 Scout Tower
06:43 Scout Tower
06:48 Barracks
08:00 Blacksmith
08:57 Castle
09:46 Guard Tower
11:20 Arcane Sanctum
12:01 Farm
12:02 Farm
12:03 Farm
14:20 Farm
14:21 Farm
14:42 Farm
14:43 Farm
14:44 Farm
14:44 Farm
14:46 Farm
14:46 Farm
14:47 Farm
14:48 Farm
14:59 Scout Tower
14:59 Scout Tower
15:01 Scout Tower
15:01 Scout Tower
17:42 Town Hall
19:10 Town Hall
21:00 Keep
25:41 Farm
25:43 Farm
25:45 Farm
27:55 Town Hall
» items
| Scroll of Regeneration | 1 | |
| Healing Salve | 1 | |
| Scroll of Town Portal | 3 | |
| Potion of Lesser Invulnerability | 1 | |
6 total

»
Monkey_p_p (
orange | 42 APM | 263 actions | 06:15)
1 Death Knight
1 Death Coil
» actions
| Build / train | 9 | |
| Enter build submenu | 6 | |
| Enter hero's abilities submenu | 1 | |
| Give item / drop item | 3 | |
| Right click | 81 | |
| Select / deselect | 40 | |
| Use ability | 123 | |
263 total
» units
» buildings
| Altar of Darkness | 1 | |
| Crypt | 1 | |
| Ziggurat | 3 | |
| Tomb of Relics | 1 | |
| Nerubian Tower | 1 | |
7 total
» build order
00:07 Altar of Darkness
00:11 Crypt
00:17 Ziggurat
02:08 Ziggurat
02:14 Ziggurat
02:21 Tomb of Relics
02:45 Nerubian Tower
Chat log
(00:09 / Allies) TOT-MOM-FREE: what we doing
(00:15 / All) KillKillKill: I'll tell you what
(00:24 / All) KillKillKill: Tim TOUCH DOWN Tebow is one heck of a young man
(00:31 / All) The_Botanist: all star
(00:39 / All) YoItsMeTheNoob: tebow FTW
(00:45 / All) The_Botanist: hells yea
(01:00 / All) TOT-MOM-FREE: FUCK BLACK QB'S LIKE CAM NEWTON
(01:02 / Allies) Monkey_p_p: fends
(01:10 / All) The_Botanist: Vick let me down,
(01:13 / All) KillKillKill: Scam Newton
(01:18 / Allies) Todd.Howard: What the fuck is a fend?
(01:30 / Allies) Monkey_p_p: fiend
(01:32 / Allies) Monkey_p_p: sorry
(01:40 / All) Todd.Howard: In TES: VI we will be adding giant dildos to whack people with because it is fun and makes awesome
(01:46 / Allies) KillKillKill: Monkey, you just entered the no man's zone
(01:58 / Allies) Monkey_p_p: what how
(02:07 / All) Todd.Howard: Our company is very pro, Pete Hines is #1!
(02:49 / Allies) Todd.Howard: You're getting raped by kobold shovels
(02:49 / Allies) KillKillKill: Damn orange
(02:51 / Allies) KillKillKill: YOu suck man
(02:55 / Allies) Todd.Howard: He's awful
(03:15 / Allies) Monkey_p_p: alright then
(03:18 / All) YoItsMeTheNoob: pew pew
(03:22 / Allies) Monkey_p_p: peace out
(03:24 / Allies) Todd.Howard: Bye
(03:30 / Allies) Todd.Howard: Free expo pls
(03:31 / Allies) TOT-MOM-FREE: lets leave if he leaves
(03:35 / Allies) Todd.Howard: No
(03:52 / All) Monkey_p_p: top right base will be free in a sec
(04:14 / All) Todd.Howard: Damn jiggers and news
(04:34 / Allies) Todd.Howard: We can 3v4 this ez
(04:38 / Allies) TOT-MOM-FREE: can we leave?
(04:50 / Allies) Todd.Howard: No
(04:52 / All) Monkey_p_p: pink i will be droping off my down scroll for you
(05:03 / Allies) KillKillKill: wood me
(05:08 / All) Monkey_p_p: kill me pink
(05:30 / Allies) KillKillKill: orange I never said a mean thing about you
(05:33 / Allies) KillKillKill: give me your wood
(05:52 / Allies) Monkey_p_p: first time i have ever done this
(05:54 / Allies) TOT-MOM-FREE: too slow on tech moron
(06:00 / Allies) KillKillKill: Give me your resources man
(06:02 / Allies) KillKillKill: don't be a jerk
(06:04 / Allies) Monkey_p_p: nope
(06:08 / Allies) KillKillKill: Yes well
(06:12 / Allies) Monkey_p_p: one is a bitch you all bitches
(06:16 / Allies) KillKillKill: I didn't know orange was going to bitch out on us!
(06:19 / All) The_Botanist: wtf
(06:36 / Allies) Todd.Howard: +15 damage already, damn
(07:13 / Allies) TOT-MOM-FREE: dumbass didn't u pay attention to my advice
(07:15 / Allies) TOT-MOM-FREE: get shredder
(07:17 / Allies) TOT-MOM-FREE: now its mine
(08:06 / Allies) Todd.Howard: o rly
(09:37 / Allies) TOT-MOM-FREE: wood
(10:04 / Allies) TOT-MOM-FREE: i killed pinks lv l4 hero if u didnt know
(13:02 / Allies) Todd.Howard: ?
(13:09 / Allies) Todd.Howard: Why did you kill that fiend?
(13:14 / Allies) TOT-MOM-FREE: u trapped me
(13:16 / Allies) KillKillKill: why I chat in friend lol
(13:35 / Allies) TOT-MOM-FREE: tp?
(13:42 / Allies) KillKillKill: y
(13:44 / Allies) Todd.Howard: yes
(13:48 / Allies) Todd.Howard: tp
(14:22 / Allies) Todd.Howard: mass hippos, they have archers fortunately
(15:37 / Allies) TOT-MOM-FREE: lets hit niggas
(15:38 / Allies) KillKillKill: kill expos
(15:45 / Allies) Todd.Howard: k
(15:51 / Allies) Todd.Howard: Meet
(16:21 / Allies) Todd.Howard: Force a TP at the very least
(17:32 / Allies) KillKillKill: come
(18:04 / Allies) TOT-MOM-FREE: tp ?
(18:07 / Allies) KillKillKill: yes
(18:08 / Allies) Todd.Howard: Yes
(18:41 / Allies) KillKillKill: rifs
(19:17 / Allies) Todd.Howard: Buy TPs
(20:53 / All) Todd.Howard: Raped
(20:56 / All) Todd.Howard: 3v4 niggers
(21:05 / Allies) TOT-MOM-FREE: buy tp's
(21:08 / Allies) Todd.Howard: Got one
(21:11 / All) OrcWizdumb: not my fault pink dont listen
(21:16 / All) Todd.Howard: lol
(22:05 / Allies) TOT-MOM-FREE: u go first fiend man
(22:24 / All) Todd.Howard: worms when I directly counter them, lol
(23:20 / All) Todd.Howard: raped
(23:22 / All) Todd.Howard: you clowns suck
(23:53 / Allies) KillKillKill: lawl
(23:55 / Allies) KillKillKill: meant to heal that knight
(23:58 / Allies) KillKillKill: tped on it instaed
(24:02 / Allies) Todd.Howard: pro
(24:28 / Allies) Todd.Howard: nothing there, attack elsewhere
(25:26 / Allies) Todd.Howard: I have a feeling that red is massing towers
(25:28 / Allies) TOT-MOM-FREE: gold
(25:33 / Allies) Todd.Howard: going to get meat wagons
(26:02 / Allies) TOT-MOM-FREE: mass tp me ho
(26:21 / Allies) KillKillKill: lawl
(26:27 / Allies) KillKillKill: I enver autoed inner fire
(26:30 / All) TOT-MOM-FREE: move nigga u blocking me
(26:44 / Allies) TOT-MOM-FREE: my voodoo saved us
(26:46 / Allies) TOT-MOM-FREE: i was mvp
(27:10 / Allies) TOT-MOM-FREE: im massing bats
(27:26 / All) Todd.Howard: You lost
(27:29 / All) Todd.Howard: Get the fuck out faggot
(27:52 / All) TOT-MOM-FREE: inferno!
(27:58 / All) TOT-MOM-FREE: show me inferno!